[Event "ICC tourney 2412 (45 10)"]
[Site "Internet Chess Club"]
[Date "2021.02.27"]
[Round "4"]
[White "POMPE, NIKO:kralj8"]
[Black "GANBAATAR, AMARJARGAL:AmyMGL"]
[Result "1/2-1/2"]
[ICCResult "Game drawn by mutual agreement"]
[WhiteElo "1917"]
[BlackElo "1900"]
[Opening "Sicilian: Kan, 5.Nc3"]
[ECO "B43"]
[NIC "SI.44"]
[Time "18:32:13"]
[PlyCount "102"]
[TimeControl "2700+10"]

1. e4 c5 2. Nc3 e6 3. Nf3 a6 4. d4 cxd4 5. Nxd4 Qc7 6. a3 Nf6 7. Be3 Bc5 8.
Be2 O-O 9. O-O d6 10. Qd2 b5 11. Nb3 Bb7 12. Bxc5 dxc5 13. Qe3 Nbd7 14. f4
b4 15. e5 bxc3 16. exf6 Nxf6 17. Qxc3 Rac8 18. Qa5 Nd5 19. Qxc7 Rxc7 20.
Na5 Ne3 21. Rf2 Nxc2 22. Rc1 Nd4 23. Nxb7 Rxb7 24. Bxa6 Rb6 25. Bf1 Nb3 26.
Rc3 g6 27. Bc4 Nd4 28. Rd2 Rfb8 29. Bf1 Kg7 30. a4 Nb3 31. Rd7 Rb4 32. Bb5
Nd4 33. Rxc5 Nxb5 34. Rxb5 R8xb5 35. axb5 Rxf4 36. b6 Rb4 37. b7 Rxb2 38.
h4 h5 39. Kh2 Kf6 40. Kg3 e5 41. Kf3 Ke6 42. Rc7 f5 43. Rg7 Rb3+ 44. Ke2
Kf6 45. Rc7 Ke6 46. Rg7 Kd5 47. Rxg6 Rxb7 48. Rg5 Ke4 49. Rxh5 Rb2+ 50. Kf1
Kf4 51. Rg5 Ke3 { Game drawn by mutual agreement } 1/2-1/2

[Event "ICC tourney 2412 (45 10)"]
[Site "Internet Chess Club"]
[Date "2021.02.27"]
[Round "4"]
[White "CAREY, MICHAEL P:xyzchessdude"]
[Black "PRIYADARSHI, VED:ved2006"]
[Result "1/2-1/2"]
[ICCResult "Black stalemated"]
[WhiteElo "1987"]
[BlackElo "1695"]
[Opening "Réti opening"]
[ECO "A11"]
[NIC "RE.06"]
[Time "18:32:12"]
[PlyCount "215"]
[TimeControl "2700+10"]

1. Nf3 d5 2. c4 c6 3. g3 Nf6 4. Bg2 Bf5 5. Qb3 Qc7 6. d3 e6 7. Bf4 Qb6 8.
Nc3 Nbd7 9. O-O Be7 10. Nh4 Bg6 11. Nxg6 hxg6 12. Be3 Qxb3 13. axb3 a6 14.
h3 O-O 15. d4 b6 16. f3 Rfd8 17. Bf2 b5 18. cxd5 cxd5 19. e4 Nb6 20. Rfc1
Rdc8 21. Ne2 Rxc1+ 22. Rxc1 Rc8 23. Ra1 Ra8 24. Nc3 b4 25. Ne2 a5 26. Nc1
a4 27. bxa4 Rxa4 28. Rxa4 Nxa4 29. Nd3 Bf8 30. Kf1 Be7 31. Ke1 dxe4 32.
fxe4 Nd7 33. Bf3 Nab6 34. b3 Nb8 35. d5 N6d7 36. Kd1 exd5 37. exd5 Bd6 38.
Kc2 Na6 39. Be1 Kf8 40. h4 Ke8 41. g4 Kd8 42. g5 Kc7 43. Bf2 Ndc5 44. Nb2
Bf4 45. Nc4 f6 46. gxf6 gxf6 47. Bd4 Nd7 48. h5 gxh5 49. Bxh5 Be5 50. Bf2
Bf4 51. Bg4 Nab8 52. Kd3 Ne5+ 53. Nxe5 Bxe5 54. Kc4 Bc3 55. Kb5 Nd7 56.
Bxd7 Kxd7 57. Bc5 f5 58. Kc4 f4 59. Kd3 Be1 60. Ke4 Bd2 61. Kf3 Kc7 62. Bf8
Kd7 63. Bc5 Kc7 64. Ke2 Bc3 65. Bf8 Kd7 66. Bc5 Kc7 67. Kf3 Bd2 68. Ke4 Kd7
69. Bd4 Kd6 70. Be5+ Kc5 71. d6 Kc6 72. Kf3 Kd7 73. Bxf4 Bxf4 74. Kxf4 Kxd6
75. Ke4 Kc5 76. Ke5 Kc6 77. Kd4 Kb5 78. Kd5 Kb6 79. Kc4 Kc6 80. Kxb4 Kb6
81. Ka4 Ka6 82. Kb4 Kb6 83. Kc4 Kc6 84. Kb4 Kb6 85. Ka4 Ka6 86. b4 Kb6 87.
Ka3 Kb5 88. Kb3 Kc6 89. Kc4 Kb6 90. b5 Kb7 91. Kb3 Kb6 92. Ka4 Kb7 93. Ka5
Ka7 94. Kb4 Kb6 95. Kc4 Kb7 96. Kd5 Kb6 97. Kc4 Kb7 98. Kc5 Kc7 99. Kd5 Kb6
100. Kc4 Kb7 101. Kc3 Kb6 102. Kc4 Kb7 103. Kc5 Kc7 104. b6+ Kb7 105. Kb5
Kb8 106. Ka6 Ka8 107. b7+ Kb8 108. Kb6 { Black stalemated } 1/2-1/2

[Event "ICC tourney 2412 (45 10)"]
[Site "Internet Chess Club"]
[Date "2021.02.27"]
[Round "5"]
[White "MCDONALD, GABRIEL:Grinch81"]
[Black "ZHENG, ALAN:AlanZ"]
[Result "1-0"]
[ICCResult "Black resigns"]
[WhiteElo "1961"]
[BlackElo "1718"]
[Opening "QGD: Ragozin variation"]
[ECO "D38"]
[NIC "NI.27"]
[Time "21:01:56"]
[PlyCount "53"]
[TimeControl "2700+10"]

1. d4 Nf6 2. c4 e6 3. Nf3 d5 4. Nc3 Bb4 5. Bg5 O-O 6. e3 Nbd7 7. cxd5 exd5
8. Bd3 h6 9. Bh4 c6 10. O-O Re8 11. Qc2 Qc7 12. Rfc1 Bxc3 13. Qxc3 Ne4 14.
Qc2 Ndf6 15. b4 Qb6 16. Rab1 Bd7 17. a4 Rac8 18. Ne5 Be6 19. Bxf6 Nxf6 20.
a5 Qd8 21. a6 b5 22. Nxc6 Qb6 23. Qc5 Qxa6 24. Qxb5 Qxb5 25. Bxb5 Ra8 26.
Ba6 Bd7 27. Bb7 { Black resigns } 1-0

[Event "ICC tourney 2412 (45 10)"]
[Site "Internet Chess Club"]
[Date "2021.02.27"]
[Round "5"]
[White "SURESH, AKSHAT:AkshatSuresh"]
[Black "MUTHUKUMAR, AADITH:dabpacman"]
[Result "0-1"]
[ICCResult "White checkmated"]
[WhiteElo "1691"]
[BlackElo "1458"]
[Opening "Sicilian: Pelikan (Lasker/Sveshnikov) variation"]
[ECO "B33"]
[NIC "SI.35"]
[Time "21:01:56"]
[PlyCount "56"]
[TimeControl "2700+10"]

1. e4 c5 2. Nf3 Nc6 3. d4 cxd4 4. Nxd4 Nf6 5. Nc3 e5 6. Ndb5 d6 7. Nd5 Nxd5
8. exd5 Ne7 9. c4 a6 10. Nc3 g6 11. Bg5 Bg7 12. Qd2 O-O 13. Ne4 f5 14. Nc3
f4 15. Bd3 Qc7 16. Bxe7 Qxe7 17. a3 Bd7 18. b4 e4 19. Bf1 e3 20. fxe3 fxe3
21. Qc2 Rf2 22. Qb3 Raf8 23. c5 Bxc3+ 24. Kd1 e2+ 25. Bxe2 Qxe2+ 26. Kc1
Qd2+ 27. Kb1 Bf5+ 28. Qc2 Qxc2# { White checkmated } 0-1

[Event "ICC tourney 2412 (45 10)"]
[Site "Internet Chess Club"]
[Date "2021.02.27"]
[Round "5"]
[White "Clifford, James:JacJac06"]
[Black "JAYAGANESH, PRANAV ESWAR:happyscientist"]
[Result "0-1"]
[ICCResult "White checkmated"]
[WhiteElo "1709"]
[BlackElo "1811"]
[Opening "Ruy Lopez: Anderssen variation"]
[ECO "C77"]
[NIC "RL.12"]
[Time "21:01:56"]
[PlyCount "138"]
[TimeControl "2700+10"]

1. e4 e5 2. Nf3 Nc6 3. Bb5 a6 4. Ba4 Nf6 5. d3 b5 6. Bb3 Bc5 7. Bg5 h6 8.
Bh4 d6 9. Nc3 Be6 10. Nd5 Bxd5 11. Bxd5 Qd7 12. Bxf6 gxf6 13. O-O O-O-O 14.
a4 Ne7 15. d4 Nxd5 16. dxc5 Nf4 17. cxd6 cxd6 18. axb5 Rhg8 19. Ne1 Nxg2
20. Kh1 Qh3 21. Qf3 Nf4 22. Qxh3+ Nxh3 23. bxa6 Kb8 24. a7+ Ka8 25. Nf3 Rg4
26. Ng1 Nf4 27. b4 Rc8 28. Rfb1 Rc6 29. b5 Rb6 30. Rd1 Ne6 31. f3 Rg8 32.
c4 Nd4 33. Rd3 Nc2 34. Rc1 Nd4 35. Ra3 Rb7 36. Nh3 Rxa7 37. Rxa7+ Kxa7 38.
Rg1 Rg6 39. Rxg6 fxg6 40. Kg2 Kb6 41. Nf2 h5 42. Nd3 Nc2 43. Nb4 Nxb4 44.
Kf2 Kc5 45. Ke3 Kxc4 46. b6 Nc6 47. f4 exf4+ 48. Kxf4 Kb5 49. b7 Kb6 50.
b8=Q+ Nxb8 51. e5 dxe5+ 52. Ke4 Nd7 53. Kd5 Kb5 54. Ke6 e4 55. Kxd7 e3 56.
Ke6 e2 57. Kxf6 e1=Q 58. Kxg6 Qg1+ 59. Kxh5 Qxh2+ 60. Kg4 Qf2 61. Kg5 Qf3
62. Kg6 Qf4 63. Kg7 Qf5 64. Kh8 Qd7 65. Kg8 Kc6 66. Kf8 Kd6 67. Kg8 Ke6 68.
Kh8 Kf6 69. Kg8 Qg7# { White checkmated } 0-1

[Event "ICC tourney 2412 (45 10)"]
[Site "Internet Chess Club"]
[Date "2021.02.27"]
[Round "5"]
[White "ZHANG, SUNNY:AboardBuffalo"]
[Black "CAREY, MICHAEL P:xyzchessdude"]
[Result "0-1"]
[ICCResult "White resigns"]
[WhiteElo "1656"]
[BlackElo "1987"]
[Opening "Sicilian"]
[ECO "B56"]
[NIC "SI.25"]
[Time "21:02:00"]
[PlyCount "60"]
[TimeControl "2700+10"]

1. e4 c5 2. Nf3 Nc6 3. d4 cxd4 4. Nxd4 Nf6 5. Nc3 d6 6. f3 e5 7. Nb3 Be7 8.
Be3 O-O 9. Qd2 a5 10. Bb5 Be6 11. O-O-O Na7 12. Ba4 b5 13. Bxb5 Nxb5 14.
Nxb5 a4 15. Na1 Bxa2 16. Nxd6 Qb8 17. Nf5 Bb4 18. c3 Rc8 19. Qc2 a3 20.
cxb4 axb2+ 21. Kxb2 Qxb4+ 22. Kc1 Rxc2+ 23. Nxc2 Qb1+ 24. Kd2 Rd8+ 25. Bd4
Qb2 26. Ne7+ Kh8 27. Nc6 Rxd4+ 28. Nxd4 exd4 29. Rc1 Qc3+ 30. Kd1 Bb3 {
White resigns } 0-1

[Event "ICC tourney 2412 (45 10)"]
[Site "Internet Chess Club"]
[Date "2021.02.27"]
[Round "5"]
[White "ZHENG, CARISSA ANGELA:bg26723"]
[Black "MATHIYAZHAGAN, ASHRITH:Kinawa"]
[Result "1-0"]
[ICCResult "Black checkmated"]
[WhiteElo "1880"]
[BlackElo "1589"]
[Opening "Caro-Kann: closed (Breyer) variation"]
[ECO "B10"]
[NIC "CK.01"]
[Time "21:01:56"]
[PlyCount "101"]
[TimeControl "2700+10"]

1. e4 c6 2. d3 d5 3. Nd2 e5 4. Ngf3 Bg4 5. h3 Bxf3 6. Qxf3 Nf6 7. g3 Nbd7
8. Bg2 Nb6 9. O-O d4 10. Qe2 Bd6 11. Nf3 h6 12. Nh4 g6 13. Bd2 Qe7 14. a4
Nbd7 15. Rfb1 Nh5 16. b4 Ng7 17. c3 g5 18. Nf5 Nxf5 19. exf5 O-O 20. c4
Rab8 21. h4 f6 22. Be4 Qg7 23. Qh5 c5 24. b5 Rfd8 25. Kg2 Bf8 26. Rh1 g4
27. Bd5+ Kh8 28. Bf7 Nb6 29. a5 Nc8 30. Rae1 Ne7 31. Be6 a6 32. b6 Nc8 33.
Re4 Nd6 34. Rxg4 Qh7 35. Rg6 Re8 36. Rg8+ Qxg8 37. Bxg8 Kxg8 38. Qg6+ Kh8
39. Bxh6 Bxh6 40. Qxh6+ Kg8 41. Qg6+ Kf8 42. Qxf6+ Nf7 43. h5 Rbc8 44. h6
Rc6 45. Qg7+ Ke7 46. h7 Rh8 47. Re1 Rcc8 48. Rxe5+ Kd6 49. Re6+ Kd7 50.
Qxf7+ Kd8 51. Rd6# { Black checkmated } 1-0

[Event "ICC tourney 2412 (45 10)"]
[Site "Internet Chess Club"]
[Date "2021.02.27"]
[Round "5"]
[White "KHAN, SAMI SHARAF:sami786"]
[Black "PU, LANDON:landonp"]
[Result "0-1"]
[ICCResult "White checkmated"]
[WhiteElo "1014"]
[BlackElo "1524"]
[Opening "Grünfeld: exchange variation"]
[ECO "D85"]
[NIC "GI.03"]
[Time "21:02:00"]
[PlyCount "94"]
[TimeControl "2700+10"]

1. d4 Nf6 2. c4 g6 3. Nc3 d5 4. cxd5 Nxd5 5. g3 Bg7 6. Bg2 Nxc3 7. bxc3 c5
8. e3 Nc6 9. Ne2 cxd4 10. cxd4 O-O 11. O-O Bf5 12. Bb2 Qb6 13. Qb3 Qxb3 14.
axb3 Bd3 15. Rfe1 a6 16. Nf4 Bc2 17. Rec1 Bxb3 18. Bxc6 bxc6 19. Rxc6 a5
20. Ba3 Rfe8 21. Rac1 a4 22. Nd3 e6 23. Nc5 Bf8 24. Rb6 Rec8 25. Nxb3 Rxc1+
26. Bxc1 axb3 27. Rxb3 Ra1 28. Rc3 Bb4 29. Rc2 Ba3 30. Rc8+ Kg7 31. Kg2
Rxc1 32. Ra8 Bb4 33. Rb8 Be1 34. Rb2 Rd1 35. Re2 Bb4 36. Rb2 Be7 37. Rb7
Kf6 38. e4 Ba3 39. Ra7 Bb2 40. e5+ Kg7 41. Rb7 Bxd4 42. Rd7 Rd2 43. Kh3 Bc3
44. f4 Rxd7 45. g4 Rd3+ 46. Kh4 Be1+ 47. Kg5 h6# { White checkmated } 0-1

[Event "ICC tourney 2412 (45 10)"]
[Site "Internet Chess Club"]
[Date "2021.02.27"]
[Round "5"]
[White "BHEEMAIAH, AYUSH:Ayushb"]
[Black "OPASKA, MICHAEL:mopaska1106"]
[Result "1/2-1/2"]
[ICCResult "Game drawn by mutual agreement"]
[WhiteElo "1769"]
[BlackElo "1956"]
[Opening "Sicilian: Labourdonnais-Löwenthal (Kalashnikov) variation"]
[ECO "B32"]
[NIC "SI.32"]
[Time "21:01:57"]
[PlyCount "79"]
[TimeControl "2700+10"]

1. e4 c5 2. Nf3 Nc6 3. d4 cxd4 4. Nxd4 e5 5. Nb5 d6 6. N1c3 Nf6 7. Nd5 Nxd5
8. exd5 Ne7 9. c4 Ng6 10. Be3 Be7 11. Bd3 O-O 12. O-O f5 13. f3 a6 14. Nc3
Bd7 15. Na4 b5 16. Nb6 Rb8 17. Nxd7 Qxd7 18. cxb5 axb5 19. Rc1 Rfc8 20. Qb3
f4 21. Bf2 Bd8 22. Rxc8 Qxc8 23. Bxb5 Bb6 24. Qc4 Qd8 25. a4 Ne7 26. Kh1
Bxf2 27. Rxf2 Qb6 28. Rc2 Rc8 29. Bc6 Nf5 30. Qb5 Qe3 31. Qe2 Qa7 32. Qd2
Ne3 33. Rc1 g6 34. b4 Kg7 35. b5 Qxa4 36. b6 Qb3 37. b7 Rb8 38. Rc3 Qb1+
39. Rc1 Qb6 40. Rc3 { Game drawn by mutual agreement } 1/2-1/2

[Event "ICC tourney 2412 (45 10)"]
[Site "Internet Chess Club"]
[Date "2021.02.27"]
[Round "5"]
[White "SANE, ADWAY:adwaysane"]
[Black "XIAO, JAMES:AJ2000"]
[Result "1-0"]
[ICCResult "Black resigns"]
[WhiteElo "1716"]
[BlackElo "1640"]
[Opening "Queen's pawn: London system"]
[ECO "A45"]
[NIC "QP.07"]
[Time "21:01:51"]
[PlyCount "78"]
[TimeControl "2700+10"]

1. d4 Nf6 2. Bf4 g6 3. Nc3 d5 4. Nf3 Bg7 5. e3 O-O 6. Be2 c5 7. O-O Nc6 8.
Ne5 e6 9. Nxc6 bxc6 10. Be5 cxd4 11. exd4 Nd7 12. Bxg7 Kxg7 13. Qd3 Qe7 14.
Rfe1 c5 15. dxc5 Nxc5 16. Qd4+ f6 17. Bf3 Bb7 18. Rad1 Rad8 19. Qb4 Qc7 20.
Qa3 a5 21. Nb5 Qb6 22. Nd4 e5 23. Nb3 Nxb3 24. Qxb3 Qxb3 25. axb3 e4 26.
Be2 d4 27. Bc4 f5 28. Ra1 Ra8 29. Red1 Rfd8 30. Ra3 Ra7 31. b4 a4 32. Bb5
d3 33. cxd3 exd3 34. Rdxd3 Rc8 35. Rac3 a3 36. bxa3 Rxa3 37. Rd7+ Kf6 38.
Rxa3 Rc1+ 39. Bf1 Bc6 { Black resigns } 1-0

[Event "ICC tourney 2412 (45 10)"]
[Site "Internet Chess Club"]
[Date "2021.02.27"]
[Round "5"]
[White "THOMAS, MICHAEL G:chesslin"]
[Black "CHAMPSI, IMRAN:imranchamp"]
[Result "1/2-1/2"]
[ICCResult "Game drawn by mutual agreement"]
[WhiteElo "1949"]
[BlackElo "1852"]
[Opening "Queen's pawn: London system"]
[ECO "A45"]
[NIC "QP.07"]
[Time "21:02:01"]
[PlyCount "100"]
[TimeControl "2700+10"]

1. d4 Nf6 2. Bf4 g6 3. Nc3 d6 4. e4 Bg7 5. Qd2 Nbd7 6. Nf3 c5 7. dxc5 Nxc5
8. e5 Nfe4 9. Nxe4 Nxe4 10. Qe3 d5 11. O-O-O e6 12. Bb5+ Bd7 13. Nd4 O-O
14. f3 Nc5 15. h4 a6 16. Bxd7 Nxd7 17. h5 Qc7 18. Rde1 g5 19. Bg3 h6 20.
Re2 Rac8 21. Rd1 Nb6 22. Kb1 Nc4 23. Qc3 Qa5 24. Rd3 Qxc3 25. Rxc3 Na5 26.
Ree3 Nc4 27. Re2 Na5 28. Rd3 Rc7 29. Bf2 Nc6 30. Rc3 Nxd4 31. Bxd4 Rfc8 32.
Rxc7 Rxc7 33. b3 Bf8 34. Kb2 Bc5 35. c3 Bxd4 36. cxd4 Kg7 37. g3 f6 38. f4
f5 39. Rc2 Rxc2+ 40. Kxc2 gxf4 41. gxf4 Kf7 42. Kc3 Ke7 43. Kb4 Kd7 44. a4
Kc6 45. Ka5 Kc7 46. b4 Kc6 47. b5+ axb5 48. axb5+ Kc7 49. Ka4 b6 50. Kb4
Kb7 { Game drawn by mutual agreement } 1/2-1/2

[Event "ICC tourney 2412 (45 10)"]
[Site "Internet Chess Club"]
[Date "2021.02.27"]
[Round "5"]
[White "MARTINEZ, ENOCH:TheChessShark"]
[Black "GARG, ADVIK:aachess4321"]
[Result "1-0"]
[ICCResult "Black resigns"]
[WhiteElo "1809"]
[BlackElo "1289"]
[Opening "Richter-Veresov attack"]
[ECO "D01"]
[NIC "QP.07"]
[Time "21:01:59"]
[PlyCount "95"]
[TimeControl "2700+10"]

1. d4 Nf6 2. Nc3 d5 3. Bg5 Nc6 4. f4 h6 5. Bxf6 exf6 6. Nf3 Be7 7. e3 Be6
8. Bd3 Nb4 9. O-O Nxd3 10. Qxd3 O-O 11. Rae1 Qd7 12. Nh4 f5 13. Nf3 Bf6 14.
Ne2 Qe7 15. Ng3 Qd7 16. Nh5 Qe7 17. Nxf6+ Qxf6 18. Ne5 Qe7 19. b3 Qa3 20.
g4 Qe7 21. gxf5 Bc8 22. Kh1 Qf6 23. Ng4 Qxf5 24. Rg1 Kh8 25. Ne5 Qxd3 26.
cxd3 Bf5 27. e4 Be6 28. f5 Bc8 29. Rg3 Kh7 30. Reg1 Rg8 31. Nxf7 Bd7 32.
Ne5 Rad8 33. f6 g5 34. h4 dxe4 35. f7 Rgf8 36. hxg5 h5 37. g6+ Kg7 38. dxe4
h4 39. Rg5 Rh8 40. Nxd7 Rxd7 41. Re5 c6 42. Re8 Rd8 43. Re7 Rhf8 44. e5 b5
45. e6 Rd6 46. Re8 Rd8 47. Rxd8 Rxd8 48. e7 { Black resigns } 1-0

[Event "ICC tourney 2412 (45 10)"]
[Site "Internet Chess Club"]
[Date "2021.02.27"]
[Round "5"]
[White "STEINER, ADAMSON:poohfur"]
[Black "VATS, ATIKSH:avats"]
[Result "1-0"]
[ICCResult "Black resigns"]
[WhiteElo "1706"]
[BlackElo "1577"]
[Opening "French: Schlechter variation"]
[ECO "C01"]
[NIC "FR.01"]
[Time "21:01:55"]
[PlyCount "144"]
[TimeControl "2700+10"]

1. e4 e6 2. d4 d5 3. Bd3 Nf6 4. e5 Nfd7 5. Nf3 c5 6. c3 Nc6 7. O-O Qb6 8.
Bc2 Be7 9. a4 a6 10. Na3 O-O 11. Qd3 g6 12. Qe3 cxd4 13. cxd4 Re8 14. Bd2
Bf8 15. h4 Bg7 16. a5 Nxa5 17. Bxa5 Qxa5 18. Nc4 Qd8 19. Nd6 Rf8 20. h5 Nb6
21. h6 Bh8 22. b3 Bd7 23. Nxb7 Qc7 24. Nc5 Bb5 25. Bd3 Bxd3 26. Qxd3 a5 27.
Qb5 Nc8 28. Rfc1 Qb6 29. Qxb6 Nxb6 30. Nd2 Rfd8 31. Ra3 Nd7 32. Nxd7 Rxd7
33. Rca1 Rda7 34. b4 a4 35. f4 f6 36. b5 g5 37. g3 Kf7 38. Nb3 Kg6 39. b6
Rb7 40. Nc5 Rxb6 41. Rxa4 Rxa4 42. Rxa4 Kxh6 43. Nd7 Rb1+ 44. Kf2 fxe5 45.
fxe5 Rb7 46. Nc5 Rb6 47. Ra8 Bg7 48. Re8 Rb2+ 49. Kf3 Rd2 50. Nxe6 Rd3+ 51.
Kg4 Re3 52. Nxg5 Bxe5 53. Rxe5 Rd3 54. Rxd5 Kg6 55. Rd6+ Kg7 56. Rd7+ Kf6
57. Nxh7+ Ke6 58. Rd8 Ke7 59. Rd5 Ke6 60. Re5+ Kd6 61. Re4 Kd5 62. Nf6+ Kd6
63. Kf4 Kc6 64. g4 Rd1 65. Ke5 Rg1 66. d5+ Kc7 67. d6+ Kd8 68. Ke6 Rd1 69.
d7 Rd6+ 70. Kf7 Rd3 71. Re8+ Kc7 72. Rc8+ Kb7 { Black resigns } 1-0

[Event "ICC tourney 2412 (45 10)"]
[Site "Internet Chess Club"]
[Date "2021.02.27"]
[Round "5"]
[White "Thomas, Mitchell:byumitchell"]
[Black "MARTINEZ, ABRAHAM:Pugnacious"]
[Result "0-1"]
[ICCResult "White resigns"]
[WhiteElo "1409"]
[BlackElo "1671"]
[Opening "Giuoco Piano"]
[ECO "C44"]
[NIC "SO.06"]
[Time "21:02:21"]
[PlyCount "68"]
[TimeControl "2700+10"]

1. e4 e5 2. Nf3 Nc6 3. d4 exd4 4. Bc4 Bc5 5. c3 Nf6 6. cxd4 Bb4+ 7. Bd2
Bxd2+ 8. Nbxd2 d5 9. exd5 Nxd5 10. O-O O-O 11. Nb3 Be6 12. Bd3 Qf6 13. h3
Rad8 14. Nc5 Kh8 15. Nxe6 fxe6 16. Qb3 Nxd4 17. Nxd4 Qxd4 18. Rad1 Qb6 19.
Qa3 Nb4 20. Be2 Rd6 21. Qb3 Rfd8 22. Rxd6 Rxd6 23. Rd1 Rxd1+ 24. Qxd1 Qd6
25. Qa4 Nc6 26. Bf3 h6 27. Bh5 Qb4 28. Qd1 Qd4 29. Qf3 Qxb2 30. Qf7 Qf6 31.
Qxc7 Qe7 32. Qf4 e5 33. Qe4 Qb4 34. Kh2 Qxe4 { White resigns } 0-1

[Event "ICC tourney 2412 (45 10)"]
[Site "Internet Chess Club"]
[Date "2021.02.27"]
[Round "5"]
[White "MAZUMDAR, SHAURYA:raremystery"]
[Black "YU, AVERY:Averyyu321"]
[Result "1-0"]
[ICCResult "Black checkmated"]
[WhiteElo "1654"]
[BlackElo "1780"]
[Opening "Sicilian: dragon, Yugoslav attack"]
[ECO "B75"]
[NIC "SI.17"]
[Time "21:01:54"]
[PlyCount "83"]
[TimeControl "2700+10"]

1. e4 c5 2. Nf3 d6 3. d4 cxd4 4. Nxd4 Nf6 5. Nc3 g6 6. Be3 Bg7 7. f3 a6 8.
Qd2 Nbd7 9. g4 b5 10. O-O-O Bb7 11. g5 Nh5 12. Nce2 Ne5 13. Ng3 Nxg3 14.
hxg3 Rc8 15. Kb1 Qc7 16. Be2 Nc4 17. Bxc4 Qxc4 18. Qd3 Qb4 19. Qb3 Qa5 20.
Rh4 Rc4 21. c3 f6 22. Ne6 Kf7 23. Nxg7 Kxg7 24. gxf6+ Kxf6 25. e5+ dxe5 26.
Rxc4 Bxf3 27. Rc5 Bxd1 28. Qxd1 Rd8 29. Qf3+ Ke6 30. Rc6+ Rd6 31. Bc5 Rxc6
32. Qxc6+ Kf5 33. Qd7+ e6 34. Qf7+ Kg4 35. Qxe6+ Kxg3 36. Qxe5+ Kg4 37.
Qe4+ Kh5 38. Qf3+ Kh6 39. Bf8+ Kg5 40. Be7+ Kh6 41. Qf4+ Kg7 42. Qf8# {
Black checkmated } 1-0

[Event "ICC tourney 2412 (45 10)"]
[Site "Internet Chess Club"]
[Date "2021.02.27"]
[Round "5"]
[White "POMPE, NIKO:kralj8"]
[Black "LIU, JASON:jason54312"]
[Result "1-0"]
[ICCResult "Black resigns"]
[WhiteElo "1917"]
[BlackElo "1528"]
[Opening "Ruy Lopez: Morphy defense"]
[ECO "C77"]
[NIC "RL.12"]
[Time "21:02:03"]
[PlyCount "93"]
[TimeControl "2700+10"]

1. e4 e5 2. Nf3 Nc6 3. Bb5 a6 4. Ba4 Nf6 5. d4 exd4 6. O-O d6 7. Nxd4 Bd7
8. Bxc6 bxc6 9. Nc3 Be7 10. f4 O-O 11. e5 dxe5 12. fxe5 Nd5 13. Ne4 c5 14.
Nb3 Bb5 15. Re1 Re8 16. Nbxc5 Bxc5+ 17. Nxc5 Nb6 18. Qxd8 Rexd8 19. a4 Bc6
20. a5 Nd7 21. Nd3 Re8 22. b3 Rab8 23. Bb2 Bb5 24. c4 Bc6 25. b4 Ba8 26.
Bd4 Rbd8 27. Rad1 Nb8 28. Nc5 Nc6 29. Bc3 Rb8 30. Nxa6 Rbc8 31. b5 Nb8 32.
Nxb8 Rxb8 33. Rd7 c6 34. b6 Bb7 35. Red1 h6 36. c5 Ba6 37. Ra7 Bc4 38. a6
Kh7 39. Rd6 Bb5 40. e6 f6 41. b7 Kg8 42. Ra8 Bxa6 43. Rxb8 Rxb8 44. e7 Kf7
45. Rd8 Kxe7 46. Rxb8 Kd7 47. Rd8+ { Black resigns } 1-0

[Event "ICC tourney 2412 (45 10)"]
[Site "Internet Chess Club"]
[Date "2021.02.27"]
[Round "5"]
[White "MARTINEZ, LAWRENCE:apachekid"]
[Black "PUPPALLA, PRANAY:checkmate1823"]
[Result "0-1"]
[ICCResult "White resigns"]
[WhiteElo "1816"]
[BlackElo "1631"]
[Opening "Richter-Veresov attack"]
[ECO "D01"]
[NIC "QP.07"]
[Time "21:01:58"]
[PlyCount "110"]
[TimeControl "2700+10"]

1. d4 Nf6 2. Nc3 d5 3. Bg5 Ne4 4. Nxe4 dxe4 5. f3 exf3 6. Nxf3 g6 7. e4 Bg7
8. c3 O-O 9. Be2 c5 10. O-O h6 11. Bh4 Nc6 12. dxc5 Qc7 13. Qc2 Ne5 14. b4
a5 15. Rab1 Ng4 16. Rfe1 Be6 17. Bg3 Qc8 18. a4 Ne3 19. Qd2 Nc4 20. Bxc4
Bxc4 21. Ne5 Qe6 22. Nxc4 Qxc4 23. Qd7 Rfd8 24. Qxe7 Bxc3 25. Rec1 axb4 26.
Bf4 Re8 27. Qxb7 Qxc5+ 28. Kh1 Ra7 29. Qd5 Qxd5 30. exd5 Rxa4 31. Bxh6 Rd8
32. Rd1 Ra7 33. Rd3 Rad7 34. Rbd1 f6 35. Be3 Be5 36. Bc5 Bd6 37. Bd4 Kf7
38. Rf1 Be7 39. Bxf6 Bxf6 40. Rdf3 Rd6 41. g4 Kg7 42. Kg2 Rf8 43. Rd3 Re8
44. h3 Rb8 45. Kf3 b3 46. Rb1 b2 47. Kf4 Rb4+ 48. Kg3 g5 49. Kf3 Rc4 50.
Ke3 Rc1 51. Rd1 Rxb1 52. Rxb1 Rxd5 53. Ke4 Rc5 54. Rd1 Rc1 55. Rd7+ Kg6 {
White resigns } 0-1

[Event "ICC tourney 2412 (45 10)"]
[Site "Internet Chess Club"]
[Date "2021.02.27"]
[Round "5"]
[White "GANBAATAR, AMARJARGAL:AmyMGL"]
[Black "RAMASWAMY, PUDUR:clair"]
[Result "0-1"]
[ICCResult "White checkmated"]
[WhiteElo "1900"]
[BlackElo "1723"]
[Opening "Robatsch (modern) defense"]
[ECO "B06"]
[NIC "KF.05"]
[Time "21:02:19"]
[PlyCount "74"]
[TimeControl "2700+10"]

1. e4 g6 2. d4 Bg7 3. Nf3 e6 4. Bd3 Ne7 5. O-O O-O 6. Bg5 h6 7. Be3 f5 8.
exf5 exf5 9. Qd2 g5 10. Qc1 f4 11. Bd2 Nbc6 12. c3 d6 13. h3 Qe8 14. Qc2
Bf5 15. Re1 Qf7 16. Na3 a6 17. Re2 Rab8 18. b4 b5 19. Rae1 Nd5 20. Bxf5
Qxf5 21. Qb3 Kh8 22. Nc2 Nf6 23. c4 bxc4 24. Qxc4 Qd5 25. Qd3 Qxa2 26. Ra1
Qd5 27. Rxa6 Rfe8 28. Rxe8+ Nxe8 29. Qc3 Ne7 30. Qd3 Nf5 31. Ra5 c5 32.
bxc5 Rb3 33. Qe2 Nf6 34. cxd6 Rb1+ 35. Kh2 g4 36. Rxd5 g3+ 37. fxg3 fxg3# {
White checkmated } 0-1

[Event "ICC tourney 2412 (45 10)"]
[Site "Internet Chess Club"]
[Date "2021.02.27"]
[Round "5"]
[White "FURMAN, MIKHAIL:mfurm"]
[Black "THATIPARTHI, VINEETHREDDY:Vinny773175"]
[Result "1-0"]
[ICCResult "Black resigns"]
[WhiteElo "1917"]
[BlackElo "1763"]
[Opening "English: symmetrical, Benoni formation"]
[ECO "A31"]
[NIC "EO.46"]
[Time "21:01:58"]
[PlyCount "149"]
[TimeControl "2700+10"]

1. Nf3 Nf6 2. c4 c5 3. d4 cxd4 4. Nxd4 Nc6 5. Nc3 g6 6. e4 Bg7 7. Be2 O-O
8. Be3 d6 9. f3 Nd7 10. Qd2 a6 11. O-O Nde5 12. Rfd1 h6 13. Nxc6 bxc6 14.
Bxh6 Bxh6 15. Qxh6 Qb6+ 16. Kf1 Qxb2 17. Rdc1 Qb4 18. Rab1 Qc5 19. Na4 Qd4
20. Rd1 Qa7 21. c5 Qc7 22. h4 Be6 23. cxd6 exd6 24. Qd2 Nc4 25. Qc3 d5 26.
Bxc4 dxc4 27. Nc5 Qh2 28. Qf6 Bc8 29. Kf2 Qc7 30. h5 Re8 31. h6 Qe5 32.
Qxc6 Bg4 33. Nd7 Bxd7 34. Qxd7 Qc5+ 35. Qd4 Qxd4+ 36. Rxd4 Rec8 37. Rc1
Rab8 38. Rd2 Kh7 39. Ke3 Rb4 40. Rdc2 Ra4 41. Kd2 c3+ 42. Ke2 Kxh6 43. Rb1
Rd8 44. Rb3 Rd2+ 45. Rxd2 cxd2 46. a3 Rd4 47. Kd1 a5 48. Rb5 Ra4 49. Rb3
Rd4 50. e5 Rd5 51. f4 Rd4 52. g3 Kg7 53. a4 Rxa4 54. Kxd2 Ra1 55. Ke2 a4
56. Rb7 Kf8 57. Kf3 Ra3+ 58. Kg4 Rb3 59. Ra7 a3 60. Kh4 Ke8 61. g4 Kf8 62.
Kg5 Rf3 63. f5 gxf5 64. gxf5 Rg3+ 65. Kf6 Ke8 66. Ra8+ Kd7 67. Kxf7 Rh3 68.
e6+ Kd6 69. Rd8+ Kc7 70. e7 Rh7+ 71. Ke6 a2 72. Ra8 Rh2 73. e8=Q Re2+ 74.
Kf7 Rxe8 75. Kxe8 { Black resigns } 1-0